 Dungeon Crawl Stone Soup version 0.29.1-2-gbd0b4ee654 (webtiles) character file.

Game seed: 7415493495304241373

281 Descartes the Stinger (level 6, -2/24 HPs)
             Began as a Felid Venom Mage on Nov 10, 2022.
             Slain by a phantom (4 damage)
             ... on level 5 of the Dungeon.
             The game lasted 00:15:53 (5261 turns).

Descartes the Stinger (Felid Venom Mage)            Turns: 5261, Time: 00:15:53

Health: -2/24      AC:  2    Str:  8    XL:     6   Next: 6%
Magic:  7/10       EV: 19    Int: 18    God:
Gold:   213        SH:  0    Dex: 15    Spells: 4/9 levels left
                                        Lives:  0   Deaths: 1

rFire   + . .      SeeInvis +   (weapon unavailable)
rCold   x . .      Faith    .   (shield unavailable)
rNeg    . . .      Spirit   .   (body armour unavailable)
rPois   .          Reflect  .   (helmet unavailable)
rElec   .          Harm     .   (cloak unavailable)
rCorr   .          Rampage  .   (gloves unavailable)
Will    .....                   (boots unavailable)
Stlth   +++.......              (no amulet)
HPRegen 0.08/turn               c - ring of fire
MPRegen 0.12/turn               (no ring)

@: quick
A: very small, claws 1, fangs 3, see invisible, speed 1, shaggy fur 2, stealthy
paws, no weapons or thrown items, no armour, multi-lived, antennae 1, strong 1,
evolution 1
a: no special abilities


You were on level 5 of the Dungeon.
You visited 2 branches of the dungeon, and saw 6 of its levels.

You collected 213 gold pieces.

Inventory:

Jewellery
 c - a ring of fire (left paw)
Wands
 l - a wand of quicksilver (10)
Scrolls
 b - 4 scrolls of identify {unknown}
 e - 2 scrolls of fog {unknown}
 h - a scroll of teleportation {unknown}
 j - a scroll of brand weapon {unknown}
 k - 2 scrolls of silence {unknown}
Potions
 a - a potion of magic
 d - a potion of curing
 f - a potion of brilliance {unknown}
 g - a potion of mutation
 i - a potion of heal wounds


   Skills:
 + Level 4.9 Dodging
 + Level 5.1 Stealth
 - Level 2.0 Spellcasting
 - Level 1.1 Transmutations
 * Level 5.2 Poison Magic


You had 4 spell levels left.
You knew the following spells:

 Your Spells              Type           Power      Damage    Failure   Level
a - Sting                 Tmut/Pois      52%        1d5       4%          1
b - Olgreb's Toxic Radia  Pois           20%        N/A       22%         4

Your spell library contained the following spells:

 Spells                   Type           Power      Damage    Failure   Level
 Poisonous Vapours        Pois/Air       22%        N/A       10%         2
 Beastly Appendage        Tmut           10%        N/A       12%         1
 Spider Form              Tmut/Pois      13%        N/A       16%         3
 Wereblood                Tmut           5%         N/A       17%         2
 Slow                     Hex            4%         N/A       19%         1
 Mephitic Cloud           Conj/Pois/Air  8%         N/A       26%         3
 Confusing Touch          Hex            1%         N/A       47%         3
 Dazzling Flash           Conj/Hex       2%         N/A       47%         3
 Vampiric Draining        Necr           1%         2d6       47%         3
 Agony                    Necr           1%         N/A       99%         5
 Silence                  Hex/Air        0%         N/A       99%         5


Dungeon Overview and Level Annotations

Branches:
Dungeon (5/15)             Temple (1/1) D:4

Altars:
Ashenzari
Cheibriados
Hepliaklqana
Kikubaaqudgha
Nemelex Xobeh
Qazlal
Ru
Uskayaw
Xom


Innate Abilities, Weirdness & Mutations

You have sharp claws.
You have razor-sharp teeth.
You have supernaturally acute eyesight. (SInv)
You cover ground quickly. (Speed+)
You are covered in thick fur. (AC +2)
Your paws help you pounce on unaware monsters.
You are incapable of wielding weapons or throwing items.
You cannot wear armour.
You gain extra lives every three experience levels.
You have a pair of small antennae on your head.
Your muscles are strong. (Str +4, Int/Dex -1)
You have hidden genetic potential.


Message History

The phantom is heavily damaged.
The phantom completely misses you.
You scratch the phantom. Your bite misses the phantom.
The phantom is heavily damaged.
The phantom misses you.
You scratch the phantom but do no damage.
The phantom is heavily damaged.
The phantom closely misses you.
You scratch the phantom.
The phantom is severely damaged.
The phantom closely misses you.
You scratch the phantom.
The phantom is severely damaged.
The phantom closely misses you.
You scratch the phantom but do no damage.
You bite the phantom, but do no damage.
The phantom is severely damaged.
The phantom hits you!
The phantom blinks!
You blink.
The phantom misses you.
You closely miss the phantom.
The phantom is severely damaged.
The phantom barely misses you.
You scratch the phantom but do no damage.
The phantom is severely damaged.
The phantom closely misses you.
You closely miss the phantom.
The phantom is severely damaged.
The phantom hits you.
* * * LOW HITPOINT WARNING * * *
You scratch the phantom but do no damage.
The phantom is severely damaged.
The phantom hits you.
* * * LOW HITPOINT WARNING * * *
The phantom blinks!
You blink.
Aiming: Quicksilver Bolt
Press: ? - help, Shift-Dir - straight line, f/p - phantom
Aim: a phantom (severely damaged, 60% to hit)
The bolt of dispelling energy misses the phantom.
The phantom hits you.
You die...

.#.....####.......<...#
..........##...##.#####
####.#..#.###.# #.#
#.#...#...#.# #.#
...#####.#.# #.#
#.#...#...#.# #.#
##.#..#.###.# #.#
##.....###.###.#
##..ยงยง<@W.....#
##############


You could see a phantom.

Vanquished Creatures
  A scorpion (D:4)
  A hound (D:4)
  A jelly (D:3)
  3 orc wizards (D:4)
  Robin (D:1)
  5 adders
  An ufetubus (D:5)
  2 worms
  3 dart slugs
  10 orcs
  3 ball pythons
  10 endoplasms
  A giant cockroach (D:1)
  14 goblins
  7 hobgoblins (D:2)
  2 jackals (D:4)
  12 kobolds
  2 quokkas (D:3)
  4 bats
  2 frilled lizards (D:3)
  4 rats
89 creatures vanquished.

Notes
Turn   | Place    | Note
-------+----------+-------------------------------------------
     0 | D:1      | Descartes the Felid Venom Mage began the quest for the Orb.
     0 | D:1      | Reached XP level 1. HP: 7/7 MP: 4/4
   563 | D:1      | Reached XP level 2. HP: 11/11 MP: 3/6
  1301 | D:2      | Reached XP level 3. HP: 12/14 MP: 4/7
  1691 | D:2      | Noticed Robin
  1716 | D:1      | Killed Robin
  1930 | D:2      | Reached XP level 4. HP: 16/18 MP: 5/8
  3311 | D:3      | Reached XP level 5. HP: 7/21 MP: 6/9
  3605 | D:3      | Killed from afar by an orc priest
  3606 | D:3      | Reached XP level 4. HP: -2/18 MP: 7/8
  4040 | D:4      | Learned a level 4 spell: Olgreb's Toxic Radiance
  4064 | D:4      | Reached XP level 5. HP: 18/21 MP: 3/9
  4234 | D:4      | Found a sparkling altar of Nemelex Xobeh.
  4417 | D:4      | Reached skill level 5 in Stealth
  4417 | D:4      | Reached skill level 5 in Poison Magic
  4483 | D:4      | Found a snail-covered altar of Cheibriados.
  4509 | D:4      | HP: 1/21 [orc/+0 war axe (9)]
  4515 | D:4      | Gained mutation: Your muscles are strong. (Str +4, Int/Dex
                  | -1) [potion of mutation]
  4515 | D:4      | Gained mutation: You have hidden genetic potential. [potion
                  | of mutation]
  4515 | D:4      | Gained mutation: You have a pair of small antennae on your
                  | head. [potion of mutation]
  4532 | D:4      | Found a staircase to the Ecumenical Temple.
  4540 | Temple   | Entered the Ecumenical Temple
  4828 | D:4      | Gained mutation: You are covered in thick fur. (AC +2)
                  | [Felid growth]
  4828 | D:4      | Reached XP level 6. HP: 10/24 MP: 7/10
  5025 | D:4      | Identified the +4 dagger "Laka" {vorpal, rPois Int+4
                  | Stlth-}
  5205 | D:5      | Entered Level 5 of the Dungeon
  5261 | D:5      | Slain by a phantom

Illustrated notes

Levels and vault maps discovered:
D:1:      dpeg_arrival_arbitrary_b, layout_basic
D:2:      layout_rooms, uniq_robin
D:3:      layout_rooms
D:4:      layout_cave_pools, kennysheep_mini_moat,
          mainiacjoe_overflow_small_starburst,
          minmay_temple_entry_drinking_statues
D:5:      layout_loops_ring, chequers_temple_overflow_minitemple
Temple:   nicolae_temple_ecumenical_triangle

Skill      XL: |  1  2  3  4  5 |
---------------+----------------+-----
Poison Magic   | 3 4 5 |  5.2
Stealth        | 3 4 5 |  5.1
Dodging        | 3 4 |  4.9
Spellcasting   | |  2.0
Transmutations | |  1.1

Action                   |  1- 3 |  4- 6 || total
-------------------------+-------+-------++-------
Melee: Unarmed           |       |    24 ||    24
       Bite              |       |     2 ||     2
 Cast: Sting             |    63 |   137 ||   200
Evoke: Wand              |       |     1 ||     1
  Use: Potion            |       |     2 ||     2
 Stab: Sleeping          |       |     2 ||     2
Armor: Skin              |       |     2 ||     2
Dodge: Dodged            |    17 |    74 ||    91
